 Dungeon Crawl Stone Soup version 0.17-a0-1731-g129c023 (webtiles) character file.

5459 KambridgeKobold the Covert (level 10, -3/49 HPs)
             Began as a Spriggan Enchanter on Aug 29, 2015.
             Was a Believer of Dithmenos.
             Killed from afar by an orc wizard (7 damage)
             ... with a puff of flame
             ... on level 10 of the Dungeon.
             The game lasted 01:18:33 (17576 turns).

KambridgeKobold the Covert (Spriggan Enchanter)    Turns: 17576, Time: 01:18:33

Health: -3/49      AC:  4    Str:  7    XL:     10   Next: 41%
Magic:  4/29       EV: 24    Int: 17    God:    Dithmenos [**....]
Gold:   451        SH:  0    Dex: 17    Spells: 6 memorised, 3 levels left

rFire  . . .     SeeInvis +     U - +1 dagger (venom)
rCold  . . .     Clarity  .     b - +1 robe
rNeg   . . .     SustAt   .     (shield restricted)
rPois  .         Gourm    .     (helmet restricted)
rElec  .         Spirit   .     t - +0 cloak
rCorr  .         Warding  .     (gloves unavailable)
rMut   .         Stasis   .     (boots unavailable)
MR     +....                    (no amulet)
Stlth  ++++++++..               (no ring)
                                P - ring of magical power

@: very slightly contaminated, wreathed by umbra, very quick, somewhat resistant
to hostile enchantments, extraordinarily stealthy
A: unfitting armour, see invisible, herbivore 3, speed 3, slow metabolism 2
a: Shadow Step, Renounce Religion


You were on level 10 of the Dungeon.
You worshipped Dithmenos.
Dithmenos was pleased with you.
You were near starving.

You visited 3 branches of the dungeon, and saw 12 of its levels.
You also visited: Sewer.

You collected 592 gold pieces.
You spent 141 gold pieces at shops.

Inventory:

Hand weapons
 a - a +1 dagger
 z - a +2 whip of freezing
 H - a cursed -2 shortbow
 U - a +1 dagger of venom (weapon)
Missiles
 f - 11 tomahawks (quivered)
 g - 310 stones
 n - 7 silver tomahawks
 I - 24 arrows
 O - 25 arrows of frost
Armour
 b - a +1 robe (worn)
 t - a +0 cloak (worn)
Jewellery
 h - an uncursed ring of teleportation
 m - an uncursed amulet of warding {unknown}
 P - a ring of magical power (left hand)
Magical devices
 C - a wand of fire (6)
 D - a wand of fire (9)
 F - a wand of disintegration (14)
Scrolls
 e - 5 scrolls of remove curse
 j - 2 scrolls of random uselessness
 l - 6 scrolls of teleportation
 p - 2 scrolls of enchant armour
 r - 2 scrolls of amnesia {unknown}
 u - a scroll of enchant weapon {unknown}
 v - 3 scrolls of fog {unknown}
 w - 2 scrolls of fear
 y - 2 scrolls of magic mapping {unknown}
 B - 3 scrolls of immolation {unknown}
 E - 2 scrolls of recharging {unknown}
 G - 3 scrolls of blinking {unknown}
Potions
 i - 2 potions of brilliance
 k - 4 potions of might
 o - 5 potions of poison
 q - a potion of lignification
 s - 11 potions of curing
 x - a potion of haste {unknown}
 A - a potion of invisibility {unknown}
 K - a potion of degeneration {unknown}
 L - a potion of magic {unknown}
 N - 3 potions of cancellation
Books
 c - a book of Maledictions

   Spells                             Type                      Level
   a - Corona                         Hexes                        1
   b - Ensorcelled Hibernation        Hexes/Ice                    2
   c - Confuse                        Hexes                        3
   d - Tukima's Dance                 Hexes                        3
   e - Dazzling Spray                 Conjuration/Hexes            3
 J - a book of Annihilations

   Spells                             Type                      Level
   a - Poison Arrow                   Conjuration/Poison           6
   b - Chain Lightning                Conjuration/Air              8
   c - Lehudib's Crystal Spear        Conjuration/Earth            8
   d - Glaciate                       Conjuration/Ice              9
   e - Fire Storm                     Conjuration/Fire             9
 M - a book of the Earth

   Spells                             Type                      Level
   a - Leda's Liquefaction            Hexes/Earth                  4
   b - Bolt of Magma                  Conjuration/Fire/Earth       5
   c - Statue Form                    Transmutation/Earth          6
   d - Iron Shot                      Conjuration/Earth            6
   e - Shatter                        Earth                        9
 Q - a book of Ice

   Spells                             Type                      Level
   a - Ice Form                       Ice/Transmutation            4
   b - Metabolic Englaciation         Hexes/Ice                    5
   c - Ozocubu's Refrigeration        Ice                          6
   d - Bolt of Cold                   Conjuration/Ice              6
   e - Freezing Cloud                 Conjuration/Ice/Air          6
   f - Simulacrum                     Ice/Necromancy               6
 T - the Disquisition on Shape Shifting
   (You found it on level 9 of the Dungeon)

   Spells                             Type                      Level
   a - Beastly Appendage              Transmutation                1
   b - Stoneskin                      Transmutation/Earth          2
   c - Sticks to Snakes               Transmutation                2
   d - Ignite Poison                  Fire/Transmutation/Poison    3
   e - Ice Form                       Ice/Transmutation            4
Comestibles
 d - 6 bread rations
 R - 4 fruits
 S - a royal jelly


   Skills:
 - Level 3.1 Fighting
 - Level 5.0 Short Blades
 - Level 9.0 Dodging
 + Level 12.5 Stealth
 - Level 6.1 Spellcasting
 * Level 10.0 Hexes
 + Level 6.6 Evocations


You had 3 spell levels left.
You knew the following spells:

 Your Spells              Type           Power        Failure   Level  Hunger
a - Corona                Hex            #####..      1%          1    None
b - Ensorcelled Hibernat  Hex/Ice        ###...       2%          2    None
c - Confuse               Hex            #####...     1%          3    ##.....
d - Tukima's Dance        Hex            #####...     1%          3    ##.....
e - Dazzling Spray        Conj/Hex       ###.....     6%          3    ##.....
f - Poison Arrow          Conj/Pois      #.........   100%        6    #######


Dungeon Overview and Level Annotations

Branches:
Dungeon (10/15)            Temple (1/1) D:6             Orc (1/4) D:9
   Lair: D:8-11

Altars:
Ashenzari
Cheibriados
Dithmenos
Elyvilon
Fedhas
Gozag
Kikubaaqudgha
Makhleb
Nemelex Xobeh
Okawaru
Qazlal
Ru
Sif Muna
Trog
Vehumet
Xom
Yredelemnul
Zin
The Shining One

Shops:
D:8 }   D:9 (

Annotations:
D:9 Alipheese's ghost, powerful NaWz


Innate Abilities, Weirdness & Mutations

You are tiny and cannot use many weapons and most armour.
You have supernaturally acute eyesight.
You are a herbivore.
You cover ground extremely quickly.
You need consume almost no food.


Message History

The puff of flame hits the yak.
The orc wizard looks more healthy.
The orc wizard points at you and mumbles some strange words.
The puff of flame hits you!
* * * LOW HITPOINT WARNING * * *
Casting: Ensorcelled Hibernation
Confirm with . or Enter, or press ? or * to list all spells.
Aiming: Ensorcelled Hibernation
Press: ? - help, Shift-Dir - straight line, f/p - orc wizard
Aim: an orc wizard, wielding a dagger and wearing a robe (almost dead, slightly transparent, chance to defeat MR: 51%)
The orc wizard looks drowsy...
The yak looks more healthy.
The yak barely misses you.
The orc wizard shouts!
You barely miss the orc wizard.
The orc wizard is almost dead.
The orc wizard closely misses you.
The orc wizard points at you and mumbles some strange words.
The puff of flame hits you!
You die...

.............................
.....................#######
.....................#
.....................#
.....................#
.....................#
.............Y.....(.#
............YY...(...#
............o.@......#
............)).......#
.....................#
.....................#
.....................#
................<....#
.....................#
....................#
...................#


You could see 3 yaks and an orc wizard (invisible).

Vanquished Creatures
  Pikel (D:4)
  A hill giant (D:10)
  A two-headed ogre (D:10)
  A yak (D:10)
  A water moccasin (D:8)
  3 sky beasts
  3 orc warriors
  A black bear (D:9)
  5 ogres
  3 phantoms
  3 slaves (D:3)
  2 centaurs
  4 giant frogs
  6 scorpions
  3 killer bees (D:7)
  A jelly (D:5)
  2 centaur zombies
  9 hounds
  3 crimson imps
  5 giant frog skeletons
  7 orc priests
  An iron imp (D:9)
  11 orc wizards
  4 iguanas
  7 worker ants
  A worker ant zombie (D:6)
  17 adders
  4 gnolls (D:4)
  2 shadow imps
  2 oozes
  4 adder skeletons
  2 worms
  4 giant geckos
  40 orcs
  6 bats
  4 giant cockroaches
  14 hobgoblins
  3 quokkas
  4 ball pythons
  A giant gecko skeleton (D:6)
  11 giant newts
  26 goblins
  4 goblin skeletons (D:9)
  A goblin zombie (D:9)
  2 hobgoblin zombies (D:9)
  17 jackals
  14 kobolds
  2 kobold zombies (D:9)
  An orc skeleton (D:9)
  An orc zombie (D:9)
  11 rats
286 creatures vanquished.

Vanquished Creatures (collateral kills)
  2 orc warriors (D:9)
  An ogre (D:8)
  A big kobold (D:8)
  Robin (D:2)
  3 orcs (D:9)
  A goblin (D:2)
  A jackal (D:8)
10 creatures vanquished.

Vanquished Creatures (others)
  2 dancing weapons
2 creatures vanquished.

Grand Total: 298 creatures vanquished

Notes
Turn   | Place    | Note
--------------------------------------------------------------
     0 | D:1      | KambridgeKobold the Spriggan Enchanter began the quest for the Orb.
     0 | D:1      | Reached XP level 1. HP: 9/9 MP: 5/5
   206 | D:1      | Reached XP level 2. HP: 13/13 MP: 2/6
   224 | D:1      | Learned a level 2 spell: Ensorcelled Hibernation
   765 | D:1      | Reached XP level 3. HP: 7/16 MP: 5/8
   770 | D:1      | Learned a level 3 spell: Confuse
  1366 | D:1      | Found a stormy altar of Qazlal.
  1550 | D:2      | Reached skill level 1 in Fighting
  1821 | D:2      | Noticed Robin
  1896 | D:2      | Reached XP level 4. HP: 17/22 MP: 1/9
  2265 | D:2      | Learned a level 3 spell: Tukima's Dance
  2574 | D:2      | Killed Robin
  3211 | D:3      | Found an iron altar of Okawaru.
  3222 | D:3      | Found a shattered altar of Ashenzari.
  3239 | D:3      | Found a basalt altar of Yredelemnul.
  3464 | D:3      | Reached XP level 5. HP: 27/27 MP: 11/11
  4106 | D:4      | Found a glowing drain.
  4110 | D:4      | Noticed a slave
  4112 | D:4      | Noticed a slave
  4113 | D:4      | Noticed a slave
  4133 | Sewer    | Entered a sewer
  5347 | D:4      | Noticed a slave
  5349 | D:4      | Noticed Pikel
  5583 | D:3      | Killed a slave
  5852 | D:3      | Reached XP level 6. HP: 26/32 MP: 4/13
  5876 | D:3      | Reached skill level 5 in Stealth
  5908 | D:3      | Killed a slave
  5911 | D:3      | Killed a slave
  6080 | D:4      | Killed Pikel
  6080 | D:4      | Reached skill level 5 in Dodging
  6080 | D:4      | Reached skill level 6 in Stealth
  6080 | D:4      | Reached skill level 5 in Spellcasting
  6080 | D:4      | Reached XP level 7. HP: 19/36 MP: 1/16
  6351 | D:4      | Noticed an ogre
  6453 | D:4      | Killed an ogre
  6453 | D:4      | Reached skill level 7 in Stealth
  6459 | D:4      | Learned a level 3 spell: Dazzling Spray
  7377 | D:5      | Entered Level 5 of the Dungeon
  7466 | D:5      | Reached skill level 8 in Stealth
  7466 | D:5      | Reached XP level 8. HP: 40/40 MP: 18/18
  7772 | D:5      | HP: 1/40 [orc warrior/silver tomahawk (13)]
  8415 | D:5      | Reached skill level 9 in Stealth
  9457 | D:5      | Reached skill level 5 in Short Blades
  9770 | D:6      | Learned a level 6 spell: Poison Arrow
  9844 | D:6      | Reached skill level 5 in Hexes
 10082 | D:6      | Found a staircase to the Ecumenical Temple.
 10088 | Temple   | Entered the Ecumenical Temple
 10403 | Temple   | Became a worshipper of Dithmenos the Shadowed
 10450 | D:6      | Reached skill level 10 in Stealth
 10450 | D:6      | Reached XP level 9. HP: 44/44 MP: 6/19
 10742 | D:6      | Reached skill level 1 in Evocations
 11642 | D:7      | HP: 2/44 [phantom (5)]
 12447 | D:7      | HP: 2/44 [phantom (9)]
 13073 | D:7      | Reached skill level 11 in Stealth
 13670 | D:8      | Found a white marble altar of Elyvilon.
 14305 | D:8      | Reached skill level 5 in Evocations
 14803 | D:8      | Found Cilos's Gadget Shop.
 14892 | D:8      | Reached XP level 10. HP: 8/49 MP: 11/20
 15253 | D:9      | Acquired Dithmenos's first power
 15294 | D:9      | Found a snail-covered altar of Cheibriados.
 15361 | D:9      | Found a glowing golden altar of the Shining One.
 15418 | D:9      | Noticed Alipheese's ghost (powerful NaWz)
 15616 | D:9      | Found Waucw's Weapon Shoppe.
 15617 | D:9      | Found a staircase to the Orcish Mines.
 15689 | D:9      | Reached skill level 12 in Stealth
 16194 | D:9      | Found an opulent altar of Gozag.
 16211 | D:9      | Identified the Disquisition on Shape Shifting (You found it on level 9 of the Dungeon)
 16436 | D:9      | Found a radiant altar of Vehumet.
 16802 | D:9      | Bought a +1 dagger of venom for 141 gold pieces
 16959 | D:9      | Noticed a cyclops
 17008 | Orc:1    | Entered Level 1 of the Orcish Mines
 17047 | D:10     | Entered Level 10 of the Dungeon
 17200 | D:10     | Noticed a hill giant
 17208 | D:10     | Killed a hill giant
 17556 | D:10     | Reached skill level 10 in Hexes
 17576 | D:10     | Killed from afar by an orc wizard

Vault maps used:
D:1:      dpeg_arrival_water_altar
D:2:      uniq_robin
D:3:      minitemple
D:4:      portal_sewer_entry_c, serial_bayou_lagoon_a, uniq_pikel
D:5:      serial_curves, eino_curves_04, eino_curves_02, eino_curves_03,
          eino_curves_01, first_bread
D:6:      minmay_temple_entry_hall
D:8:      nicolae_overflow_crystal_walls, serial_shops,
          nicolae_shop_behind_doors
D:9:      grunt_temple_overflow_open, vehumet_crystals,
          nicolae_tso_besieged_by_evil, orc_david_3
Temple:   triangle_lava_temple_11
Orc:1:    basic_altar
Sewer:    sewer_co_scattered_pipes

Action                   |  1- 3 |  4- 6 |  7- 9 | 10-12 || total
-------------------------+-------+-------+-------+-------++-------
Melee: Dagger            |   135 |   281 |   749 |   256 ||  1421
Throw: Tomahawk          |       |     5 |     6 |     4 ||    15
       Stone             |       |       |    28 |       ||    28
 Cast: Corona            |    25 |    32 |    54 |    14 ||   125
       Ensorcelled Hiber |    16 |    40 |   104 |    23 ||   183
       Tukima's Dance    |       |     3 |     4 |    16 ||    23
       Confuse           |       |    15 |    29 |     4 ||    48
       Dazzling Spray    |       |       |    15 |     9 ||    24
  Use: Scroll            |       |     3 |     9 |       ||    12
 Stab: Sleeping          |    16 |    33 |    55 |    16 ||   120
       Confused          |       |     2 |     5 |       ||     7
       Distracted        |       |     2 |     2 |       ||     4
       Invisible         |       |       |     5 |     1 ||     6
  Eat: Fruit             |       |     7 |     8 |       ||    15
       Bread ration      |       |       |     1 |       ||     1
       Pizza             |       |       |     1 |       ||     1
